 Dungeon Crawl Stone Soup version 0.27-a0-1242-ge70438ac7b (webtiles) character file.

Game seed: 9547359481127295854

235 Glokmah the Sneak (level 5, -3/31 HPs)
             Began as a Vampire Brigand on June 9, 2021.
             Slain by an orc wizard
             ... wielding a +0 dagger
              (5 damage)
             ... on level 3 of the Dungeon.
             The game lasted 00:05:52 (3133 turns).

Glokmah the Sneak (Vampire Brigand)                 Turns: 3133, Time: 00:05:52

Health: -3/31      AC: -4    Str:  8 (10) XL:     5   Next: 76%
Magic:  3/5        EV: 20    Int: 11 (13) God:
Gold:   117        SH:  0    Dex: 20 (22) Spells: 4/4 levels left

rFire    . . .     SeeInvis +   (weapon currently unavailable)
rCold    + + .     Faith    .   (shield currently unavailable)
rNeg     + + +     Spirit   .   (armour currently unavailable)
rPois    ∞         Reflect  .   (helmet currently unavailable)
rElec    .         Harm     .   (cloak currently unavailable)
rCorr    .         Rampage  .   (gloves currently unavailable)
Will     .....                  (boots currently unavailable)
Stlth    ++++++....             (no amulet)
HPRegen  0.00/turn              (ring currently unavailable)
MPRegen  0.09/turn              (ring currently unavailable)

@: bat-form, corroded, flying, bloodless, very quick
A: fast, flying, no casting, bloodless, tiny, fangs 3, see invisible, vampiric 2
a: Revivify, End Transformation


You were on level 3 of the Dungeon.
You were a vampire bat.
You visited 1 branch of the dungeon, and saw 4 of its levels.

You collected 117 gold pieces.

Inventory:

Hand Weapons
 a - a +2 dagger (melded)
 o - a +3 short sword
Missiles
 d - 10 poisoned darts (quivered)
 e - 2 curare-tipped darts
 f - 165 stones
 s - 2 atropa-tipped darts
Armour
 b - a +0 robe (melded)
 c - a +1 cloak (melded)
Wands
 q - a wand of flame (8)
Scrolls
 g - a scroll of identify
 i - a scroll of fog
 n - a scroll of teleportation
Potions
 h - a potion of magic
 j - a potion of attraction
 k - a potion of invisibility
 m - a potion of berserk rage
 t - a potion of degeneration
 u - a potion of lignification


   Skills:
 + Level 2.4 Fighting
 * Level 3.9 Short Blades
 * Level 2.7 Throwing
 + Level 2.2 Dodging
 * Level 7.5 Stealth


You had 4 spell levels left.
You didn't know any spells.
Your spell library was empty.

Dungeon Overview and Level Annotations

Branches:
Dungeon (4/15)
 Temple: D:4-7

Altars:
Sif Muna


Innate Abilities, Weirdness & Mutations

You are a vampire bat.
You are tiny and dextrous.
You move quickly.
You are flying.
Your equipment is almost entirely melded.
You are incapable of wielding weapons or throwing items.
You cannot cast spells.
You do not regenerate when monsters are visible.
You are frail without blood (-20% HP).
You can heal yourself when you bite living creatures.
You are immune to poison.
You have razor-sharp teeth.
You have supernaturally acute eyesight. (SInv)
You are afflicted with vampirism and can become a bat while bloodless.


Message History

HP restored.
There is a stone staircase leading down here.
You climb downwards.
A jelly and an orc come into view.
There is a stone staircase leading up here.
The jelly quivers.
The orc wizard shouts!
The orc shouts! x2; The orc priest shouts!
You hit the orc wizard. Your bite misses the orc wizard.
The orc wizard is lightly wounded.
The orc barely misses you. The orc wizard casts a spell at you.
The magic dart hits you. The orc closely misses you.
The orc wizard hits you with a +0 dagger.
The jelly hits you. The acid corrodes you!
You are splashed with acid.
You climb upwards.
There is a stone staircase leading down here.
You closely miss the orc wizard.
The orc wizard is lightly wounded.
The orc closely misses you. The orc wizard misses you.
You closely miss the orc wizard.
You bite the orc wizard, but do no damage.
The orc wizard is lightly wounded.
The orc completely misses you.
You hit the orc wizard but do no damage.
The orc wizard is lightly wounded.
The orc wizard hits you with a +0 dagger.
You hit the orc wizard but do no damage.
The orc wizard is lightly wounded.
The orc hits you with a +0 hand axe.
* * * LOW HITPOINT WARNING * * *
The orc wizard hits you with a +0 dagger.
* * * LOW HITPOINT WARNING * * *
Unknown command.
You turn into a vampire bat.
Your +2 dagger melds into your body.
Your +1 cloak melds into your body.
Your +0 robe melds into your body.
You feel weakened.
You feel dopey.
You feel clumsy. The orc barely misses you.
The orc wizard hits you with a +0 dagger.
You die...

##........##........#
##...............##.#######
......######..............#######
....### #..⌠..##.#####........
#...# #........# ########. #...#
###.......### #. #...#
#...........# ###. #...#
#..#....o.#.# #####... #...#
#..#...bo.#.# #.>...#. #...#
#...)..#.##.#####.###.#.
#...######........##.....#.# #...
........)................#.###.##
................).....(..#...)...
.....<÷....#..^...##.....##...###
#...#.####.#)......#.....#.....##
#...#.# #......#.########.....##
#...#.# ###.###### #....)##


You could see an orc wizard and an orc.

Vanquished Creatures
  A hound (D:3)
  Crazy Yiuf (D:3)
  A bullfrog skeleton (D:3)
  2 orc wizards (D:3)
  4 gnolls (D:3)
  An adder (D:3)
  4 dart slugs
  3 orcs
  4 ball pythons
  A bat (D:3)
  4 endoplasms (D:1)
  A giant cockroach (D:1)
  5 goblins
  A hobgoblin (D:1)
  3 jackals (D:3)
  2 quokkas
  A frilled lizard (D:1)
  5 kobolds
  4 rats
48 creatures vanquished.

Notes
Turn   | Place    | Note
-------+----------+-------------------------------------------
     0 | D:1      | Glokmah the Vampire Brigand began the quest for the Orb.
     0 | D:1      | Reached XP level 1. HP: 16/16 MP: 1/1
   113 | D:1      | Reached skill level 6 in Stealth
   160 | D:1      | Reached XP level 2. HP: 22/22 MP: 2/2
   403 | D:1      | Found a faded altar of an unknown god.
   864 | D:2      | Gained mutation: You are afflicted with vampirism and can
                  | become a bat while bloodless. [Vampire growth]
   864 | D:2      | Reached XP level 3. HP: 27/27 MP: 3/3
  1557 | D:3      | Reached XP level 4. HP: 23/33 MP: 4/4
  2021 | D:3      | Found a shimmering blue altar of Sif Muna.
  2051 | D:3      | Reached skill level 7 in Stealth
  2051 | D:3      | Reached XP level 5. HP: 30/30 MP: 5/5
  2370 | D:3      | Found a runed translucent door.
  2371 | D:3      | Noticed Crazy Yiuf
  2378 | D:3      | Killed Crazy Yiuf
  3133 | D:3      | Slain by an orc wizard

Illustrated notes

Levels and vault maps discovered:
D:1:      minmay_arrival_shattered_statue, layout_basic, basic_ecumenical_altar
D:2:      layout_loops_ring, minmay_misc_feat_square
D:3:      layout_loops_cross, led_sif_book, solitary_fountain,
          uniq_crazy_yiuf_cottage
D:4:      layout_rooms, kennysheep_little_box, old_standard_altar,
          kennysheep_mini_moat

Skill      XL: |  1  2  3  4 |
---------------+-------------+-----
Stealth        | 6 7 |  7.5
Throwing       | 2 |  2.7
Fighting       | 2 |  2.4
Short Blades   | 3 |  3.9
Dodging        | 2 |  2.2

Action                   |  1- 3 |  4- 6 || total
-------------------------+-------+-------++-------
Melee: Dagger            |    57 |    48 ||   105
       Bite              |     7 |     4 ||    11
Throw: Dart              |    24 |    32 ||    56
 Abil: Exsanguinate      |       |     1 ||     1
       Bat Form          |       |     1 ||     1
Evoke: Wand              |       |     2 ||     2
  Use: Scroll            |       |    11 ||    11
 Stab: Sleeping          |    11 |     5 ||    16
       Distracted        |     1 |       ||     1
Armor: Robe              |     3 |     4 ||     7
Dodge: Dodged            |    20 |    33 ||    53

Table legend: (Time is in decaauts)
 A = Elapsed time spent in this place.
 B = Non-inter-level travel time spent in this place.
 C = Inter-level travel time spent in this place.
 D = Time resting spent in this place.
 E = Time spent auto-exploring this place.
 F = Levels seen in this place.
 G = Mean time per level.
                   A        B        C        D        E       F      G
               +--------+--------+--------+--------+--------+-----+--------+
         Total |   3118 |   2851 |    267 |    559 |   1695 |   4 |  779.5 |
       Dungeon |   3118 |   2851 |    267 |    559 |   1695 |   4 |  779.5 |
               +--------+--------+--------+--------+--------+-----+--------+

Top non-repeatable levels by time:
     D:3: 1703 daAuts
     D:2: 704 daAuts
     D:1: 668 daAuts
     D:4: 41 daAuts
